 Seeded DCSS version 0.30.1 (webtiles) character file.

Game seed: 7229806256980976716 (custom seed)

2 McKennaii the Conjurer (level 1, 14/14 HPs)
             Began as a Demigod Conjurer on July 12, 2023.
             Quit the game on level 1 of the Dungeon.
             The game lasted 00:00:46 (147 turns).

McKennaii the Conjurer (Demigod Conjurer)            Turns: 147, Time: 00:00:47

Health: 14/14      AC:  4    Str:  8    XL:     1   Next: 26%
Magic:  5/5        EV: 12    Int: 24    God:
Gold:   771        SH:  0    Dex: 12    Spells: 2/3 levels left

rFire   . . .        g - staff of conjuration
rCold   . . .        (no shield)
rNeg    . . .        a - +0 robe
rPois   .            e - +1 helmet of Untold Secrets {Contam Fly Regen+ Int+4}
rElec   .            (no cloak)
rCorr   .            (no gloves)
SInv    .            (no boots)
Will    .....        (no amulet)
Stlth   ++           (no ring)
HPRegen 1.02/turn    (no ring)
MPRegen 0.09/turn

%: no passive effects
@: flying
A: high MP 1, forlorn, divine attributes
a: no special abilities


You were on level 1 of the Dungeon.
You visited 1 branch of the dungeon, and saw 1 of its levels.

You collected 771 gold pieces.

Inventory:

Missiles
 c - a throwing net
Armour
 a - a +0 robe (worn)
 e - the +1 helmet of Untold Secrets (worn) {Contam Fly Regen+ Int+4}
   (You acquired it on level 1 of the Dungeon)

   Int:       It affects your intelligence (+4).
   Fly:       It grants you flight.
   Contam:    It causes magical contamination when unequipped.
   Regen:     It increases your rate of health regeneration.
Magical Staves
 g - a staff of conjuration (weapon)
Scrolls
 d - 2 scrolls of amnesia {unknown}
 f - a scroll of teleportation {unknown}
Potions
 b - a potion of magic


   Skills:
 - Level 1.7 Dodging
 - Level 1.7 Stealth
 + Level 1.9 Spellcasting
 + Level 3.6 Conjurations


You had 2 spell levels left.
You knew the following spells:

 Your Spells              Type           Power      Damage    Failure   Level
a - Magic Dart            Conj           100%       1d8       2%          1

Your spell library contained the following spells:

 Spells                   Type           Power      Damage    Failure   Level
 Searing Ray              Conj           58%        2d6       4%          2
 Dazzling Flash           Conj/Hex       32%        N/A       17%         3
 Fulminant Prism          Conj/Hex       8%         3d7       50%         4
 Iskenderun's Mystic Bla  Conj/Tloc      16%        2d5       50%         4


Dungeon Overview and Level Annotations

Branches:
Dungeon (1/15)


Innate Abilities, Weirdness & Mutations

You have an increased reservoir of magic. (+10% MP)
You shall have no god before yourself.
Your divine heritage dramatically boosts your attributes as you level up.


Message History

d - 2 scrolls labelled FUSKUR VIKLOEP You can't see any susceptible monsters within range! (Use Z to cast anyway.)
A quokka comes into view.
The magic dart hits the quokka.
The quokka is moderately wounded.
The magic dart hits the quokka but does no damage.
The quokka is moderately wounded.
A quokka is nearby!
The magic dart hits the quokka.
The quokka is heavily wounded.
A quokka is nearby!
The magic dart hits the quokka.
You kill the quokka!
Key pressed, stopping explore.
You can't see any susceptible monsters within range! (Use Z to cast anyway.)
Found 3 stones.
You can't see any susceptible monsters within range! (Use Z to cast anyway.)
e - 3 scrolls labelled RAGIOR NADERHA You can't see any susceptible monsters within range! (Use Z to cast anyway.)
You see here 3 stones.
f - a scroll labelled WUBBUN RUOS You can't see any susceptible monsters within range! (Use Z to cast anyway.) This is a scroll of acquirement!
Something appears at your feet! Something appears at your feet!
Something appears at your feet!
e - the +1 helmet of Untold Secrets {Contam Fly Regen+ Int+4}
g - a staff of conjuration You now have 771 gold pieces (gained 754).
Really wear
e - the +1 helmet of Untold Secrets {Contam Fly Regen+ Int+4}?
You start putting on your armour.
You continue putting on the +1 helmet of Untold Secrets {Contam Fly Regen+ Int+4}. x4
You finish putting on the +1 helmet of Untold Secrets {Contam Fly Regen+ Int+4}.
The helmet of Untold Secrets throbs as it attunes itself to your uninjured body.
You feel clever.
You fly up into the air.
You feel a build-up of mutagenic energy.
Okay, then.
g - a staff of conjuration (weapon)
Are you sure you want to abandon this character and quit the game? (Confirm with "yes".)

###########.
##♣..>..♣###
##.......###
##♣.⌠_⌠.♣##.
#####⌠#####.
###########
##########
.......@.#
########.#
#########
#.#
#........
#.#
#.#######
#(#######.#
#.........#
###########


There were no monsters in sight!

Vanquished Creatures
  A hobgoblin (D:1)
  A quokka (D:1)
2 creatures vanquished.

Notes
Turn   | Place    | Note
-------+----------+-------------------------------------------
     0 | D:1      | McKennaii the Demigod Conjurer began the quest for the Orb.
     0 | D:1      | Reached XP level 1. HP: 14/14 MP: 5/5
   136 | D:1      | Identified 3 scrolls of acquirement
   136 | D:1      | Acquired a staff of conjuration
   137 | D:1      | Acquired 754 gold pieces
   138 | D:1      | Acquired the +1 helmet of Untold Secrets {Contam Fly Regen+
                  | Int+4}
   147 | D:1      | Quit the game

Illustrated notes

Levels and vault maps discovered:
D:1:      spicycebolla_arrival_ecumenical, layout_loops_ring

Action                     || total
---------------------------++-------
   Cast: Magic Dart        ||     6
    Use: Scroll            ||     3
